[ AOE2 MATCH · #506499351 ]
UnrankedMalians vs Chinese
Player's team · LOSS
Rival team · WIN
[ REPLAY ANALYSIS · EXTRACTED FROM THE RECORDED GAME ]
Feudal
11:20
Castle
19:56
Imperial
—
| APM avg | 50.2 |
| APM peak | 86 |
| eAPM avg | 27.3 |
| Villagers / military | 78 / 47 |
Focus
⚔️ 36.1% · 🌾 63.9%
Cavalry Archer ×22 · Gbeto ×14 · Fishing Ship ×9 · Skirmisher ×5 · Unknown (2626) ×5 · Battering Ram ×3
Feudal
9:33
Castle
21:08
Imperial
—
| APM avg | 52.0 |
| APM peak | 79 |
| eAPM avg | 25.8 |
| Villagers / military | 85 / 28 |
Focus
⚔️ 36.3% · 🌾 63.7%
Cavalry Archer ×11 · Knight ×7 · Fishing Ship ×7 · Unknown (2626) ×7 · Archer ×6 · Trade Cart ×2
Match map
Initial resources + every placement click. Lines = walls · curves = elevation contours. ◆ gold · ⬟ stone · ● berries · ✦ relic · ◌ wall gap
Your base· ✓ Closed at 19:56 · 25t walls · no gate
RD | Lina's base· Open — opponent sealed themselves in
Smoothed initial terrain · ◌ = detected wall gap · hover for details
Inputs per minute
— Young Carter - - RD | Lina
Build order — Young Carter
First 150 of 231 actions detected
| 0:00 | Create | Villager (Male) |
| 0:01 | Create | Villager (Male) |
| 0:01 | Create | Villager (Male) |
| 0:02 | Build | House |
| 0:04 | Build | House |
| 0:20 | Create | Villager (Male) |
| 1:23 | Create | Villager (Male) |
| 1:24 | Create | Villager (Male) |
| 1:25 | Build | Lumber Camp |
| 1:57 | Create | Villager (Male) |
| 1:57 | Create | Villager (Male) |
| 2:35 | Create | Villager (Male) |
| 2:36 | Create | Villager (Male) |
| 3:01 | Create | Villager (Male) |
| 3:02 | Create | Villager (Male) |
| 3:26 | Create | Villager (Male) |
| 3:27 | Create | Villager (Male) |
| 3:29 | Build | Dock |
| 3:35 | Build | House |
| 3:45 | Create | Villager (Male) |
| 3:45 | Create | Villager (Male) |
| 4:06 | Create | Villager (Male) |
| 4:27 | Create | Villager (Male) |
| 4:28 | Create | Fishing Ship |
| 4:28 | Create | Fishing Ship |
| 4:49 | Build | House |
| 5:02 | Create | Villager (Male) |
| 5:02 | Create | Villager (Male) |
| 5:08 | Create | Fishing Ship |
| 5:08 | Create | Fishing Ship |
| 5:14 | Create | Villager (Male) |
| 5:14 | Create | Villager (Male) |
| 5:18 | Build | Palisade Wall |
| 5:18 | Build | Palisade Wall |
| 5:19 | Build | Palisade Wall |
| 5:40 | Create | Villager (Male) |
| 5:40 | Create | Villager (Male) |
| 5:41 | Create | Villager (Male) |
| 5:52 | Create | Fishing Ship |
| 6:06 | Build | House |
| 6:26 | Build | Palisade Wall |
| 6:27 | Build | Palisade Wall |
| 6:28 | Build | Palisade Wall |
| 6:29 | Build | Palisade Wall |
| 6:31 | Create | Villager (Male) |
| 6:31 | Create | Villager (Male) |
| 6:40 | Create | Villager (Male) |
| 6:46 | Create | Fishing Ship |
| 6:49 | Create | Villager (Male) |
| 6:49 | Create | Villager (Male) |
| 6:50 | Create | Villager (Male) |
| 6:59 | Build | House |
| 7:31 | Build | Palisade Wall |
| 7:32 | Build | Palisade Wall |
| 7:33 | Build | Palisade Wall |
| 7:34 | Build | Palisade Wall |
| 7:34 | Build | Palisade Wall |
| 7:35 | Build | Palisade Wall |
| 7:38 | Create | Fishing Ship |
| 8:05 | Create | Fishing Ship |
| 8:19 | Build | Mining Camp |
| 8:45 | Research | Loom |
| 8:48 | Research | Feudal Age |
| 9:14 | Build | Mill |
| 9:17 | Build | Palisade Wall |
| 9:18 | Build | Palisade Wall |
| 9:30 | Create | Fishing Ship |
| 9:43 | Build | Palisade Wall |
| 10:06 | Build | Palisade Wall |
| 10:22 | Build | Barracks |
| 10:34 | Create | Villager (Male) |
| 10:36 | Create | Villager (Male) |
| 11:20 | Age | Feudal Age |
| 11:23 | Build | Watch Tower |
| 11:30 | Research | Double-Bit Axe |
| 11:36 | Build | Mining Camp |
| 11:43 | Build | Archery Range |
| 11:59 | Create | Villager (Male) |
| 12:16 | Build | Lumber Camp |
| 12:18 | Create | Villager (Male) |
| 12:38 | Create | Villager (Male) |
| 12:47 | Create | Skirmisher |
| 12:47 | Create | Skirmisher |
| 13:13 | Create | Villager (Male) |
| 13:15 | Create | Villager (Male) |
| 13:20 | Build | Watch Tower |
| 13:33 | Create | Villager (Male) |
| 13:34 | Build | Blacksmith |
| 13:35 | Create | Villager (Male) |
| 13:49 | Build | Farm |
| 13:53 | Create | Skirmisher |
| 13:56 | Build | House |
| 14:13 | Create | Skirmisher |
| 14:19 | Build | House |
| 14:23 | Create | Unit 2626 |
| 14:54 | Create | Villager (Male) |
| 14:55 | Create | Skirmisher |
| 15:03 | Build | Farm |
| 15:04 | Build | Farm |
| 15:11 | Create | Villager (Male) |
| 15:32 | Create | Villager (Male) |
| 15:37 | Create | Unit 2626 |
| 15:43 | Build | Market |
| 15:44 | Create | Villager (Male) |
| 16:03 | Create | Unit 2626 |
| 16:04 | Research | Forging |
| 16:04 | Research | Forging |
| 16:08 | Build | Farm |
| 16:17 | Create | Villager (Male) |
| 16:28 | Create | Unit 2626 |
| 16:52 | Build | House |
| 17:16 | Research | Castle Age |
| 17:48 | Create | Villager (Male) |
| 18:07 | Research | Stone Mining |
| 18:27 | Create | Unit 2626 |
| 18:33 | Create | Villager (Male) |
| 19:00 | Research | Horse Collar |
| 19:02 | Build | Farm |
| 19:03 | Build | Farm |
| 19:06 | Build | Farm |
| 19:06 | Build | Farm |
| 19:22 | Build | Farm |
| 19:29 | Research | Fletching |
| 19:30 | Create | Villager (Male) |
| 19:56 | Age | Castle Age |
| 20:15 | Build | House |
| 20:32 | Build | Castle |
| 20:46 | Build | Castle |
| 21:07 | Create | Villager (Male) |
| 21:22 | Build | Lumber Camp |
| 21:23 | Create | Villager (Male) |
| 21:55 | Create | Villager (Male) |
| 21:56 | Create | Villager (Male) |
| 22:08 | Build | Town Center |
| 22:11 | Create | Villager (Male) |
| 22:37 | Create | Villager (Male) |
| 22:41 | Build | Siege Workshop |
| 22:44 | Build | Siege Workshop |
| 22:44 | Create | Villager (Male) |
| 22:48 | Build | Monastery |
| 22:52 | Create | Villager (Male) |
| 22:55 | Research | Bow Saw |
| 22:57 | Create | Villager (Male) |
| 23:01 | Build | Farm |
| 23:25 | Build | Farm |
| 23:25 | Create | Villager (Male) |
| 23:33 | Create | Battering Ram |
| 23:42 | Create | Gbeto |
| 23:43 | Create | Villager (Male) |
| 23:44 | Create | Villager (Male) |
Build order — RD | Lina
First 150 of 226 actions detected
| 0:01 | Research | Loom |
| 0:39 | Create | Villager (Male) |
| 1:07 | Create | Villager (Male) |
| 1:30 | Create | Villager (Male) |
| 1:58 | Create | Villager (Male) |
| 1:58 | Create | Villager (Male) |
| 2:20 | Create | Villager (Male) |
| 2:20 | Create | Villager (Male) |
| 2:40 | Create | Villager (Male) |
| 2:45 | Build | House |
| 2:54 | Create | Villager (Male) |
| 2:57 | Build | Lumber Camp |
| 3:07 | Create | Villager (Male) |
| 3:24 | Create | Villager (Male) |
| 3:45 | Create | Villager (Male) |
| 4:01 | Create | Villager (Male) |
| 4:11 | Build | Palisade Gate |
| 4:13 | Build | Palisade Wall |
| 4:25 | Create | Villager (Male) |
| 4:40 | Create | Villager (Male) |
| 4:54 | Create | Villager (Male) |
| 5:04 | Build | House |
| 5:09 | Create | Villager (Male) |
| 5:29 | Create | Villager (Male) |
| 5:32 | Build | Dock |
| 5:58 | Create | Villager (Male) |
| 6:14 | Create | Villager (Male) |
| 7:20 | Research | Feudal Age |
| 7:20 | Research | Feudal Age |
| 7:28 | Create | Fishing Ship |
| 7:32 | Build | Barracks |
| 7:37 | Build | House |
| 8:06 | Build | House |
| 8:19 | Build | Mining Camp |
| 8:22 | Create | Villager (Male) |
| 8:42 | Create | Villager (Male) |
| 8:47 | Create | Fishing Ship |
| 9:03 | Create | Villager (Male) |
| 9:33 | Age | Feudal Age |
| 9:36 | Build | Archery Range |
| 9:39 | Build | Archery Range |
| 9:41 | Create | Villager (Male) |
| 9:45 | Create | Spearman |
| 10:10 | Create | Unit 2626 |
| 10:19 | Create | Villager (Male) |
| 10:30 | Research | Double-Bit Axe |
| 10:30 | Research | Double-Bit Axe |
| 10:40 | Create | Archer |
| 11:02 | Create | Archer |
| 11:03 | Create | Villager (Male) |
| 11:07 | Create | Unit 2626 |
| 11:10 | Build | House |
| 11:20 | Build | Watch Tower |
| 11:37 | Create | Villager (Male) |
| 11:48 | Build | Watch Tower |
| 11:52 | Create | Archer |
| 11:53 | Create | Villager (Male) |
| 11:57 | Build | Mining Camp |
| 12:09 | Build | House |
| 12:13 | Build | Palisade Wall |
| 12:24 | Create | Unit 2626 |
| 12:37 | Create | Villager (Male) |
| 12:43 | Create | Archer |
| 12:51 | Build | House |
| 12:58 | Create | Villager (Male) |
| 13:17 | Create | Villager (Male) |
| 13:34 | Create | Villager (Male) |
| 13:45 | Create | Villager (Male) |
| 13:59 | Create | Fire Galley |
| 14:05 | Create | Villager (Male) |
| 14:21 | Create | Villager (Male) |
| 14:32 | Create | Villager (Male) |
| 14:36 | Create | Archer |
| 14:44 | Build | Mill |
| 14:55 | Create | Villager (Male) |
| 15:02 | Build | House |
| 15:20 | Build | Stable |
| 15:21 | Create | Villager (Male) |
| 15:29 | Create | Villager (Male) |
| 15:46 | Build | Blacksmith |
| 15:55 | Create | Villager (Male) |
| 16:17 | Create | Scout Cavalry |
| 16:30 | Build | Watch Tower |
| 16:36 | Create | Villager (Male) |
| 16:41 | Create | Fishing Ship |
| 16:48 | Build | Dock |
| 16:53 | Build | House |
| 17:03 | Build | Market |
| 17:10 | Build | House |
| 17:18 | Build | Mill |
| 17:25 | Research | Fletching |
| 17:27 | Build | House |
| 17:38 | Create | Unit 2626 |
| 17:38 | Create | Unit 2626 |
| 17:48 | Create | Villager (Male) |
| 18:03 | Build | House |
| 18:28 | Research | Castle Age |
| 19:09 | Research | Bloodlines |
| 19:11 | Create | Scout Cavalry |
| 19:20 | Research | Horse Collar |
| 19:29 | Create | Unit 2626 |
| 19:29 | Create | Unit 2626 |
| 19:43 | Build | Watch Tower |
| 19:48 | Create | Villager (Male) |
| 20:00 | Build | House |
| 20:01 | Build | House |
| 20:36 | Build | Palisade Gate |
| 20:40 | Build | Palisade Gate |
| 20:44 | Build | House |
| 20:48 | Create | Villager (Male) |
| 21:08 | Age | Castle Age |
| 21:10 | Research | Bodkin Arrow |
| 21:14 | Build | Archery Range |
| 21:15 | Create | Villager (Male) |
| 21:27 | Create | Villager (Male) |
| 21:47 | Create | Villager (Male) |
| 21:54 | Build | House |
| 21:59 | Build | Town Center |
| 22:01 | Create | Villager (Male) |
| 22:03 | Create | Archer |
| 22:11 | Create | Cavalry Archer |
| 22:11 | Create | Cavalry Archer |
| 22:13 | Create | Villager (Male) |
| 22:37 | Build | Lumber Camp |
| 22:39 | Create | Villager (Male) |
| 22:46 | Create | Villager (Male) |
| 22:50 | Create | Cavalry Archer |
| 23:02 | Build | House |
| 23:06 | Research | Town Watch |
| 23:07 | Research | Wheelbarrow |
| 23:11 | Create | Villager (Male) |
| 23:26 | Build | Palisade Wall |
| 23:28 | Create | Cavalry Archer |
| 23:33 | Create | Villager (Male) |
| 23:39 | Build | Stone Wall |
| 23:40 | Build | Stone Wall |
| 23:44 | Create | Knight |
| 24:07 | Create | Villager (Male) |
| 24:11 | Build | Farm |
| 24:12 | Build | Farm |
| 24:15 | Build | Farm |
| 24:18 | Build | Farm |
| 24:18 | Build | Farm |
| 24:18 | Build | Farm |
| 24:18 | Build | Farm |
| 24:22 | Build | Farm |
| 24:24 | Build | Farm |
| 24:24 | Create | Villager (Male) |
| 24:28 | Build | Lumber Camp |
| 24:30 | Build | Farm |
Match timeline
| 3:29 | Young Carter · first_building Dock |
| 4:13 | RD | Lina · wall_segment Palisade Wall x1 |
| 5:18 | Young Carter · wall_segment Palisade Wall x1 |
| 5:18 | Young Carter · wall_segment Palisade Wall x1 |
| 5:19 | Young Carter · wall_segment Palisade Wall x1 |
| 5:32 | RD | Lina · first_building Dock |
| 6:26 | Young Carter · wall_segment Palisade Wall x1 |
| 6:27 | Young Carter · wall_segment Palisade Wall x1 |
| 6:28 | Young Carter · wall_segment Palisade Wall x1 |
| 6:29 | Young Carter · wall_segment Palisade Wall x5 |
| 7:31 | Young Carter · wall_segment Palisade Wall x1 |
| 7:32 | RD | Lina · first_building Barracks |
| 7:32 | Young Carter · wall_segment Palisade Wall x1 |
| 7:33 | Young Carter · wall_segment Palisade Wall x1 |
| 7:34 | Young Carter · wall_segment Palisade Wall x1 |
| 7:34 | Young Carter · wall_segment Palisade Wall x1 |
| 7:35 | Young Carter · wall_segment Palisade Wall x1 |
| 9:17 | Young Carter · wall_segment Palisade Wall x1 |
| 9:18 | Young Carter · wall_segment Palisade Wall x2 |
| 9:33 | RD | Lina · age_up feudal |
| 9:36 | RD | Lina · first_building Archery Range |
| 9:43 | Young Carter · wall_segment Palisade Wall x4 |
| 10:06 | Young Carter · wall_segment Palisade Wall x1 |
| 10:22 | Young Carter · first_building Barracks |
| 11:20 | Young Carter · age_up feudal |
| 11:43 | Young Carter · first_building Archery Range |
| 12:13 | RD | Lina · wall_segment Palisade Wall x1 |
| 15:20 | RD | Lina · first_building Stable |
| 16:55 | Young Carter · first_market_sell 100 wood |
| 18:06 | RD | Lina · first_market_buy 100 food |
| 19:56 | Young Carter · age_up castle |
| 20:00 | Young Carter · first_market_buy 100 stone |
| 20:32 | Young Carter · first_building Castle |
| 21:08 | RD | Lina · age_up castle |
| 22:41 | Young Carter · first_building Siege Workshop |
| 22:48 | Young Carter · first_building Monastery |
| 23:26 | RD | Lina · wall_segment Palisade Wall x8 |
| 23:39 | RD | Lina · wall_segment Stone Wall x3 |
| 23:40 | RD | Lina · wall_segment Stone Wall x2 |
| 26:50 | RD | Lina · first_building Siege Workshop |
| 29:27 | RD | Lina · first_building Castle |
| 29:37 | RD | Lina · wall_segment Stone Wall x6 |
| 30:02 | RD | Lina · first_market_sell 100 wood |
| 30:41 | Young Carter · resign |
[ AI ANALYSIS · 1 CREDIT ]
What really happened in this match?
Wolo.gg analyzes every decision: build order, eco, micro, common mistakes by bracket. Personalized analysis on WhatsApp or Discord in 30 seconds.
Civ guide
Malians
Perfil
Jugador #4453778